 Dungeon Crawl Stone Soup version 0.20.1-1-g8b1a95d (webtiles) character file.

1239 Monsterracer the Destroyer (level 8, -4/54 HPs)
             Began as a Human Conjurer on Aug 19, 2017.
             Was an Initiate of Vehumet.
             Engulfed by a steam dragon's steam (7 damage)
             ... on level 6 of the Dungeon.
             The game lasted 00:13:03 (7210 turns).

Monsterracer the Destroyer (Human Conjurer)         Turns: 7210, Time: 00:13:03

Health: -4/54      AC:  5    Str:  8    XL:     8   Next: 78%
Magic:  0/16       EV: 12    Int: 19    God:    Vehumet [......]
Gold:   277        SH:  5    Dex: 13    Spells: 2/17 levels left

rFire    . . .     SeeInvis .   a - +3 whip (venom)
rCold    . . .     Gourm    .   (no shield)
rNeg     . . .     Faith    .   n - +0 robe
rPois    .         Spirit   .   p - +0 helmet
rElec    .         Reflect  +   (no cloak)
rCorr    .         Harm     .   (no gloves)
MR       .....                  x - +1 pair of boots
Stlth    +++.......             i - +5 amulet of reflection
Regen    0.2/turn               m - ring of stealth
MPRegen  0.2/turn               (no ring)

@: no status effects
A: no striking features
a: Renounce Religion


You were on level 6 of the Dungeon.
You worshipped Vehumet.
Vehumet was noncommittal.
You were not hungry.

You visited 2 branches of the dungeon, and saw 7 of its levels.

You collected 277 gold pieces.

Inventory:

Hand Weapons
 a - a +3 whip of venom (weapon)
 b - a +2 dagger of electrocution
Armour
 f - a +0 buckler
 n - a +0 robe (worn)
 p - a +0 helmet (worn)
 x - a +1 pair of boots (worn)
Jewellery
 i - a +5 amulet of reflection (around neck)
 m - a ring of stealth (left hand)
 w - an uncursed ring of fire
 z - an uncursed ring of ice
Wands
 u - a wand of iceblast (13/15)
 y - a wand of lightning (4/15)
 A - a wand of lightning (2/15)
 C - a wand of lightning (9/15)
Scrolls
 e - 4 scrolls of remove curse
 g - a scroll of recharging
 k - 2 scrolls of amnesia
 l - 3 scrolls of identify
 v - a scroll of fog
Potions
 d - 4 potions of flight
 h - a potion of might
 j - 3 potions of lignification
 o - a potion of mutation
 r - 2 potions of agility
 t - a potion of heal wounds
Books
 D - a book of Air

   Spells                             Type                      Level
   a - Shock                          Conjuration/Air              1
   b - Swiftness                      Charms/Air                   2
   c - Static Discharge               Conjuration/Air              3
   d - Airstrike                      Air                          4
   e - Lightning Bolt                 Conjuration/Air              5
Comestibles
 c - 9 bread rations
 q - 2 royal jellies
 s - 2 meat rations


   Skills:
 + Level 1.1 Fighting
 - Level 2.0 Dodging
 - Level 2.0 Stealth
 + Level 5.4 Spellcasting
 * Level 8.4 Conjurations
 - Level 3.1 Hexes


You had 2 spell levels left.
You knew the following spells:

 Your Spells              Type           Power        Failure   Level  Hunger
a - Magic Dart            Conj           ####         1%          1    None
b - Searing Ray           Conj           #####.       1%          2    None
c - Iskenderun's Mystic   Conj           #####...     3%          4    ####...
d - Fulminant Prism       Conj/Hex       ####......   11%         4    ####...
e - Force Lance           Conj/Tloc      ###.....     21%         4    ####...


Dungeon Overview and Level Annotations

Branches:
Dungeon (6/15)             Temple (1/1) D:6

Altars:
Ashenzari
Cheibriados
Dithmenos
Elyvilon
Fedhas
Gozag
Hepliaklqana
Kikubaaqudgha
Makhleb
Nemelex Xobeh
Okawaru
Qazlal
Ru
Sif Muna
Trog
Uskayaw
Vehumet
Xom
Yredelemnul
Zin
The Shining One

Shops:
D:4 }(*[

Annotations:
D:5 adept's ghost, novice GrBe


Message History

Confirm with . or Enter, or press ? or * to list all spells.
Aiming: Magic Dart
Press: ? - help, Shift-Dir - straight line, f/p - steam dragon
Aim: a steam dragon (severely wounded, catching its breath)
The magic dart hits the steam dragon.
The steam dragon is severely wounded.
* * * LOW MAGIC WARNING * * *
The steam dragon barely misses you. x2
You hit the steam dragon.
The steam dragon is poisoned.
The steam dragon is almost dead.
The steam dragon bites you.
* * * LOW HITPOINT WARNING * * *
The steam dragon closely misses you.
Huge Dmg: -9%(-5hp) hp: 19%(10hp)
The steam dragon breathes steam at you. The ball of steam hits you!
* * * LOW HITPOINT WARNING * * *
Huge Dmg: -13%(-7hp) hp: 6%(3hp)
You are engulfed in a cloud of scalding steam.
You die...

#..≈≈≈..># #..###.≈
####.###.# #...#... #.###.#
###......8 #.....#
##...#.#... ###.###
#..######.. #.# ##.## ###
###### #.#####.<######.##
#....### #.##...(.......##.
#......###@##.###.......#≈.
#....#..§§§§D...........#≈.
###.######§##.###.......#§.
#...#.....#.# #.......#§.
###.#.......# #.......##≈
#.......### #.......##§
###...........########≈
#.....##....# ## #.....#
...# ##


You could see a steam dragon.

Vanquished Creatures
  2 steam dragons (D:6)
  A sky beast (D:6)
  2 ogres
  A bullfrog (D:6)
  A bullfrog zombie (D:6)
  A hound (D:4)
  An orc priest (D:4)
  2 jellies (D:5)
  An orc wizard (D:4)
  Jessica (D:2)
  Ijyb (D:3)
  Terence (D:2)
  An iguana (D:4)
  3 worker ants
  A hound zombie (D:5)
  Robin (D:2)
  6 gnolls
  9 adders
  An adder zombie (D:5)
  2 worms (D:3)
  3 dart slugs
  2 leopard geckos
  6 orcs
  5 giant cockroaches
  27 goblins
  7 hobgoblins
  2 jackals (D:4)
  11 kobolds
  5 quokkas
  A ball python (D:1)
  9 bats
  4 frilled lizards
  A leopard gecko skeleton (D:4)
  10 rats
132 creatures vanquished.

Vanquished Creatures (others)
  2 fulminant prisms (D:4)
2 creatures vanquished.

Grand Total: 134 creatures vanquished

Notes
Turn   | Place    | Note
-------+----------+-------------------------------------------
     0 | D:1      | Monsterracer the Human Conjurer began the quest for the Orb.
     0 | D:1      | Reached XP level 1. HP: 13/13 MP: 3/3
   172 | D:1      | Reached XP level 2. HP: 19/19 MP: 0/5
   180 | D:1      | Learned a level 2 spell: Searing Ray
   519 | D:1      | Reached XP level 3. HP: 24/24 MP: 2/6
   713 | D:1      | Found a glowing golden altar of the Shining One.
  1041 | D:2      | Noticed Jessica
  1049 | D:2      | Killed Jessica
  1049 | D:2      | Reached XP level 4. HP: 28/30 MP: 4/8
  1089 | D:2      | Reached skill level 5 in Conjurations
  1161 | D:2      | Found a blossoming altar of Fedhas.
  1263 | D:2      | Learned a level 4 spell: Iskenderun's Mystic Blast
  1481 | D:2      | Noticed Robin
  1514 | D:2      | Killed Robin
  1532 | D:2      | Reached XP level 5. HP: 23/35 MP: 4/9
  1561 | D:2      | Noticed Terence
  1568 | D:2      | HP: 16/35 [Terence/morningstar (11)]
  1805 | D:2      | Killed Terence
  2346 | D:3      | Noticed Ijyb
  2352 | D:3      | Killed Ijyb
  2561 | D:3      | Reached XP level 6. HP: 41/41 MP: 1/11
  2652 | D:3      | Learned a level 4 spell: Fulminant Prism
  2738 | D:3      | Found a faded altar of an unknown god.
  2992 | D:3      | Reached skill level 6 in Conjurations
  3585 | D:4      | Noticed an ogre
  3589 | D:4      | Killed an ogre
  3842 | D:4      | Reached XP level 7. HP: 46/46 MP: 9/13
  3886 | D:4      | Found Bolamani's Antique Armour Shoppe.
  4122 | D:4      | Reached skill level 7 in Conjurations
  4342 | D:4      | Found Megid's Assorted Antiques.
  4425 | D:4      | Reached skill level 1 in Hexes
  4488 | D:4      | Found Hozets's Gadget Emporium.
  4515 | D:4      | Found Sooh's Weapon Shoppe.
  4993 | D:5      | Entered Level 5 of the Dungeon
  5464 | D:5      | Learned a level 4 spell: Force Lance
  5809 | D:5      | Noticed adept's ghost (novice GrBe)
  5846 | D:5      | HP: 22/46 [adept's ghost (7)]
  6255 | D:6      | Found a staircase to the Ecumenical Temple.
  6281 | Temple   | Entered the Ecumenical Temple
  6288 | Temple   | Became a worshipper of Vehumet
  6509 | D:6      | Reached XP level 8. HP: 52/52 MP: 10/15
  6705 | D:6      | Reached skill level 5 in Spellcasting
  6724 | D:6      | Reached skill level 8 in Conjurations
  6863 | D:6      | HP: 25/52 [steam dragon (4)]
  7116 | D:6      | Reached skill level 1 in Fighting
  7203 | D:6      | HP: 20/54 [steam dragon] (12)]
  7209 | D:6      | HP: 3/54 [steam dragon/ball of steam (8)]
  7210 | D:6      | Engulfed by a steam dragon's steam

Skill      XL: |  1  2  3  4  5  6  7  8 |
---------------+-------------------------+-----
Conjurations   | 5 6 7 8 |  8.4
Spellcasting   | 3 4 5 |  5.4
Hexes          | 2 3 |  3.1
Fighting       | 1 |  1.1
Dodging        | |  2.0
Stealth        | |  2.0

Action                   |  1- 3 |  4- 6 |  7- 9 || total
-------------------------+-------+-------+-------++-------
Melee: Club              |    18 |       |       ||    18
       Dagger            |    49 |     7 |    24 ||    80
       Whip              |       |    91 |    86 ||   177
 Cast: Magic Dart        |    24 |    41 |     5 ||    70
       Searing Ray       |     1 |    13 |     8 ||    22
       Iskenderun's Myst |       |     4 |     9 ||    13
       Fulminant Prism   |       |       |     2 ||     2
  Use: Scroll            |       |       |    17 ||    17
 Stab: Sleeping          |     3 |     6 |     6 ||    15
       Distracted        |       |       |     1 ||     1
  Eat: Chunk             |     1 |    10 |    12 ||    23
Armor: Robe              |    13 |    31 |    33 ||    77
Dodge: Dodged            |    35 |    74 |    81 ||   190
Block: Other             |       |       |    16 ||    16
